AoeStats
← NutellaBreakfast

Enclosed

504813786Analyzed
1v1 RM · 26d ago on Sep 6, 2026· 106m 37s· 2 players
Game mode
Random Map
Map size
Tiny (2 player)
Population
200
Speed
Normal
Resources
Standard
Victory
Conquest
Starting age
Dark Age
Ending age
Imperial Age
RankedLock teamsTeams togetherTeam positionsShared explorationLock speedFull tech treeHidden civsTurbo modeCheats
Victory
Defeat
🇺🇸 Celts · United States
1208
+17
🇩🇪 Magyars · Germany
1220
-17
RVB
10:30 Feudal Age
11:33 Man-at-Arms
12:56 Loom
13:10 Double-Bit Axe
15:58 Horse Collar
16:48 Town Watch
17:43 Wheelbarrow
21:13 Castle Age
20:25 Scale Mail Armor
21:31 Forging
21:29 Pikeman
22:37 Bow Saw
22:37 Heavy Plow
25:09 Fletching
25:56 Bodkin Arrow
29:42 Hand Cart
34:37 Imperial Age
32:53 Chain Mail Armor
33:08 Town Watch
34:30 Iron Casting
35:26 Gold Mining
35:28 Onager
37:28 Blast Furnace
37:08 Gold Shaft Mining
36:27 Halberdier
38:50 Conscription
40:05 Plate Mail Armor
41:58 Elite Woad Raider
45:47 Arson
53:11 Siege Onager
54:06 Furor Celtica
54:49 Ballistics
55:29 Chemistry
61:20 Masonry
66:11 Capped Ram
67:46 Siege Ram
79:39 Stronghold
79:59 Siege Engineers
NutellaBreakfast
7:13 Loom
9:41 Feudal Age
10:41 Man-at-Arms
11:21 Double-Bit Axe
12:13 Horse Collar
20:13 Castle Age
18:29 Gold Mining
19:55 Bloodlines
20:19 Fletching
21:55 Bodkin Arrow
22:05 Padded Archer Armor
22:32 Bow Saw
22:24 Heavy Plow
24:07 Ballistics
26:13 Leather Archer Armor
27:52 Wheelbarrow
27:49 Thumb Ring
28:19 Husbandry
29:41 Hand Cart
31:04 Devotion
35:29 Imperial Age
34:19 Town Watch
35:08 Scale Barding Armor
34:53 Treadmill Crane
35:31 Cavalier
36:15 Bracer
36:48 Parthian Tactics
35:46 Heavy Cavalry Archer
37:59 Conscription
39:49 Light Cavalry
41:55 Chemistry
41:33 Ring Archer Armor
41:23 Chain Barding Armor
42:06 Hussar
43:50 Two-Man Saw
43:23 Crop Rotation
45:26 Plate Barding Armor
48:20 Recurve Bow
48:55 Hoardings
51:44 Elite Magyar Huszar
52:05 Capped Ram
68:50 Corvinian Army
106:09 Murder Holes
Connection lost

Rejoining the realm…

Still unreachable

The connection could not be restored.

Session expired

The server has moved on; the page needs a fresh start.